AoeStats
← Matigrame

Arena

510908206Analyzed
2v2 RM · 11h ago on Oct 3, 2026· 48m 42s· 4 players
Game mode
Random Map
Map size
Medium (4 player)
Population
200
Speed
Normal
Resources
Standard
Victory
Conquest
Starting age
Dark Age
Ending age
Imperial Age
RankedLock teamsTeams togetherTeam positionsShared explorationLock speedFull tech treeHidden civsTurbo modeCheats
Victory
Defeat
🇨🇱 Khmer · Chile
790
+17
🇨🇱 Sicilians · Chile
789
+17
🇺🇸 Romans · United States
865
-19
🇺🇸 Aztecs · United States
759
-15
kinepablo1
11:50 Feudal Age
14:33 Castle Age
14:01 Horse Collar
14:32 Double-Bit Axe
26:41 Wheelbarrow
25:51 Town Watch
27:33 Murder Holes
27:49 Fortified Wall
29:12 Hand Cart
29:18 Heavy Plow
30:47 Gold Mining
30:48 Stone Mining
32:40 Caravan
32:58 Town Patrol
34:56 Ballistics
34:59 Loom
38:24 Imperial Age
36:45 Bloodlines
36:36 Husbandry
36:21 Light Cavalry
37:21 Forging
37:17 Scale Barding Armor
38:09 Fletching
38:20 Padded Archer Armor
38:55 Iron Casting
39:22 Capped Ram
39:42 Hussar
41:14 Elite Battle Elephant
41:58 Siege Ram
44:36 Chemistry
45:38 Double Crossbow
46:26 Elite Ballista Elephant
47:09 Tusk Swords
Matigrame
11:48 Feudal Age
10:50 Loom
16:22 Castle Age
15:29 Fletching
16:00 Scale Mail Armor
20:18 Town Watch
30:29 Bodkin Arrow
34:22 Ballistics
36:43 Wheelbarrow
37:36 Horse Collar
37:59 Double-Bit Axe
41:18 Forging
41:32 Forging
43:43 Bow Saw
48:11 Iron Casting
49:30 Masonry
brandonjackson7783
4:04 Loom
11:41 Feudal Age
12:19 Gold Mining
12:18 Double-Bit Axe
13:15 Wheelbarrow
14:32 Horse Collar
18:57 Stone Mining
20:26 Forging
20:17 Scale Mail Armor
19:42 Man-at-Arms
21:03 Padded Archer Armor
22:37 Fletching
22:39 Arson
29:08 Castle Age
29:12 Loom
29:59 Crossbowman
30:42 Squires
31:27 Hand Cart
32:30 Gold Shaft Mining
31:47 Stone Mining
32:53 Heavy Plow
33:06 Bow Saw
32:25 Long Swordsman
33:20 Atlatl
37:00 Pikeman
41:26 Iron Casting
41:07 Chain Mail Armor
41:08 Leather Archer Armor
40:49 Bodkin Arrow
41:27 Elite Skirmisher
43:29 Eagle Warrior
FatalDreamz7
10:26 Feudal Age
8:58 Loom
11:18 Double-Bit Axe
14:01 Horse Collar
17:40 Castle Age
20:27 Forging
20:20 Scale Mail Armor
20:31 Forging
20:18 Man-at-Arms
21:06 Long Swordsman
25:41 Pikeman
Connection lost

Rejoining the realm…

Still unreachable

The connection could not be restored.

Session expired

The server has moved on; the page needs a fresh start.